PBL
OAKLAND OAKS @ MIAMI BEACH MARLINS
08/05/2047
 
TOP OF THE 1ST
Oakland Oaks batting - Pitching for Miami Beach Marlins : RHP Ryan Weedon
Pitching: RHP Ryan Weedon
Batting: RHB Nathaniel Adderley 0-0: Swinging Strike
0-1: Ball
1-1: SINGLE (Groundball, 56D, EV 99.4 MPH)
Batting: RHB Rafael Alarcon 0-0: Ball
1-0: Foul Ball, location: 2F
1-1: Foul Ball, location: 2F
1-2: Strikes out swinging
Batting: RHB Pete Goerge 0-0: Ball
1-0: Grounds into double play, 4-6-3 (Groundball, 34S, EV 86.2 MPH)
Top of the 1st over - 0 runs, 1 hit, 0 errors, 0 left on base; Oakland 0 - Miami Beach 0
BOTTOM OF THE 1ST
Miami Beach Marlins batting - Pitching for Oakland Oaks : RHP Jaime Sanchez
Pitching: RHP Jaime Sanchez
Batting: RHB Rafael Irizarry 0-0: Ball
1-0: Ground out 4-3 (Groundball, 4MS, EV 83.1 MPH)
Batting: RHB Hikaru Nakata 0-0: Ball
1-0: Ball
2-0: Ball
3-0: Base on Balls
Batting: RHB Scott Talbot Balk!
Hikaru Nakata to second
0-0: Ball
1-0: Called Strike
1-1: Foul Ball, location: 2F
1-2: Ball
2-2: Ground out 4-3 (Groundball, 4S, EV 80.0 MPH)
Hikaru Nakata to third
Batting: RHB Clark Meagher 0-0: Called Strike
0-1: Ball
1-1: Swinging Strike
1-2: Foul Ball, location: 2F
1-2: Strikes out looking
Bottom of the 1st over - 0 runs, 0 hits, 0 errors, 1 left on base; Oakland 0 - Miami Beach 0
TOP OF THE 2ND
Oakland Oaks batting - Pitching for Miami Beach Marlins : RHP Ryan Weedon
Batting: RHB Gabe Secundino 0-0: Ball
1-0: Ball
2-0: SOLO HOME RUN (Flyball, 7LD, EV 96.2 MPH), Distance : 368 ft
Batting: RHB Chris Prinzing 0-0: Called Strike
0-1: Ball
1-1: Ball
2-1: Ball
3-1: Foul Ball, location: 2F
3-2: Fly out, F4 (Popup, 34, EV 56.9 MPH)
Batting: RHB Ryan Jennings 0-0: Ball
1-0: Ball
2-0: Fly out, F7 (Flyball, 78S, EV 91.9 MPH)
Batting: LHB Bill Helmer 0-0: Foul Ball, location: 2F
0-1: Ball
1-1: Ball
2-1: Foul Ball, location: 2F
2-2: Ball
3-2: Foul Ball, location: 2F
3-2: Strikes out swinging
Top of the 2nd over - 1 run, 1 hit, 0 errors, 0 left on base; Oakland 1 - Miami Beach 0
BOTTOM OF THE 2ND
Miami Beach Marlins batting - Pitching for Oakland Oaks : RHP Jaime Sanchez
Batting: RHB Orlando Melendres 0-0: Ball
1-0: Ball
2-0: Ball
3-0: Base on Balls
Batting: RHB Troy Bush 0-0: Ball
1-0: Ball
2-0: Ball
3-0: Called Strike
3-1: Foul Ball, location: 2F
3-2: Strikes out swinging
Batting: RHB Kazumi Inouye 0-0: SINGLE (Groundball, 6MS, EV 67.5 MPH) (infield hit)
Orlando Melendres to second
Batting: RHB Jim Smallwood 0-0: Ball
1-0: Called Strike
1-1: Swinging Strike
1-2: Ball
2-2: Strikes out swinging
Batting: LHB Henry Huezo 0-0: Fly out, F8 (Line Drive, 8RM, EV 95.0 MPH)
Bottom of the 2nd over - 0 runs, 1 hit, 0 errors, 2 left on base; Oakland 1 - Miami Beach 0
TOP OF THE 3RD
Oakland Oaks batting - Pitching for Miami Beach Marlins : RHP Ryan Weedon
Batting: RHB Edwin Nunez 0-0: Ball
1-0: Ball
2-0: Called Strike
2-1: Ball
3-1: Swinging Strike
3-2: Foul Ball, location: 2F
3-2: Foul Ball, location: 2F
3-2: Foul Ball, location: 2F
3-2: Strikes out swinging
Batting: RHB Dave Villarreal 0-0: Ball
1-0: SINGLE (Flyball, 34D, EV 85.6 MPH)
Batting: RHB Nathaniel Adderley 0-0: Called Strike
0-1: Fielders Choice at 2nd, 5-4 (Groundball, 56, EV 93.1 MPH)
Batting: RHB Rafael Alarcon 0-0: Called Strike
0-1: SINGLE (Groundball, 56D, EV 93.8 MPH)
Nathaniel Adderley to second
Batting: RHB Pete Goerge 0-0: Ball
1-0: Called Strike
1-1: Swinging Strike
1-2: Ball
2-2: Strikes out swinging
Top of the 3rd over - 0 runs, 2 hits, 0 errors, 2 left on base; Oakland 1 - Miami Beach 0
BOTTOM OF THE 3RD
Miami Beach Marlins batting - Pitching for Oakland Oaks : RHP Jaime Sanchez
Batting: RHB Rafael Irizarry 0-0: Called Strike
0-1: Ball
1-1: Foul Ball, location: 2F
1-2: Strikes out looking
Batting: RHB Hikaru Nakata 0-0: Ball
1-0: Ball
2-0: Called Strike
2-1: Swinging Strike
2-2: Strikes out looking
Batting: RHB Scott Talbot 0-0: Called Strike
0-1: Called Strike
0-2: Foul Ball, location: 2F
0-2: Foul Ball, location: 2F
0-2: Fly out, F7 (Flyball, 7S, EV 83.1 MPH)
Bottom of the 3rd over - 0 runs, 0 hits, 0 errors, 0 left on base; Oakland 1 - Miami Beach 0
TOP OF THE 4TH
Oakland Oaks batting - Pitching for Miami Beach Marlins : RHP Ryan Weedon
Batting: RHB Gabe Secundino 0-0: Called Strike
0-1: Swinging Strike
0-2: Foul Ball, location: 2F
0-2: Ball
1-2: Foul Ball, location: 2F
1-2: Foul Ball, location: 2F
1-2: Ball
2-2: SINGLE (Line Drive, 34D, EV 96.2 MPH)
Batting: RHB Chris Prinzing 0-0: Ball
1-0: Called Strike
1-1: Foul Ball, location: 2F
1-2: Strikes out looking
Batting: RHB Ryan Jennings 0-0: Ball
1-0: Ball
2-0: Ball
3-0: Called Strike
3-1: SINGLE (Groundball, 6MD, EV 94.4 MPH)
Gabe Secundino to second
Runner from 2nd tries for 3rd, SAFE, throw by CF made to third
Batting: LHB Bill Helmer 0-0: Ball
Wild Pitch!
Gabe Secundino scores
Ryan Jennings to second
1-0: Ball
2-0: Called Strike
2-1: Ball
3-1: Called Strike
3-2: Base on Balls
Batting: RHB Edwin Nunez 0-0: Ball
1-0: Swinging Strike
1-1: Ball
2-1: Foul Ball, location: 2F
2-2: Strikes out swinging
Batting: RHB Dave Villarreal 0-0: Ball
1-0: Fielders Choice at 2nd, 6-4 (Groundball, 6, EV 87.5 MPH)
Top of the 4th over - 1 run, 2 hits, 0 errors, 2 left on base; Oakland 2 - Miami Beach 0
BOTTOM OF THE 4TH
Miami Beach Marlins batting - Pitching for Oakland Oaks : RHP Jaime Sanchez
Batting: RHB Clark Meagher 0-0: Called Strike
0-1: Ball
1-1: Called Strike
1-2: Ball
2-2: Ball
3-2: Base on Balls
Batting: RHB Orlando Melendres 0-0: Ball
1-0: Fly out, F6 (Line Drive, 6, EV 68.1 MPH)
Batting: RHB Troy Bush 0-0: Ball
1-0: Called Strike
1-1: DOUBLE (Flyball, 8RXD, EV 110.0 MPH)
Clark Meagher to third
Batting: RHB Kazumi Inouye 0-0: Called Strike
0-1: Ball
1-1: Fly out, F4 (Line Drive, 4, EV 65.6 MPH)
Lined into DP, 4-5 (Line Drive, 4, EV 65.6 MPH)
Bottom of the 4th over - 0 runs, 1 hit, 0 errors, 1 left on base; Oakland 2 - Miami Beach 0
TOP OF THE 5TH
Oakland Oaks batting - Pitching for Miami Beach Marlins : RHP Ryan Weedon
Batting: RHB Nathaniel Adderley 0-0: Fly out, F5 (Line Drive, 5, EV 65.0 MPH)
Batting: RHB Rafael Alarcon 0-0: Called Strike
0-1: Swinging Strike
0-2: Ball
1-2: Foul Ball, location: 2F
1-2: Ball
2-2: Strikes out swinging
Batting: RHB Pete Goerge 0-0: Ball
1-0: Ground out 6-3 (Groundball, 6, EV 106.9 MPH)
Top of the 5th over - 0 runs, 0 hits, 0 errors, 0 left on base; Oakland 2 - Miami Beach 0
BOTTOM OF THE 5TH
Miami Beach Marlins batting - Pitching for Oakland Oaks : RHP Jaime Sanchez
Batting: RHB Jim Smallwood 0-0: Ball
1-0: Ball
2-0: Ground out 1-3 (Groundball, 15S, EV 70.0 MPH)
Batting: LHB Henry Huezo 0-0: Fly out, F7 (Flyball, 78S, EV 88.1 MPH)
Batting: RHB Rafael Irizarry 0-0: Called Strike
0-1: Ball
1-1: Ball
2-1: Foul Ball, location: 2F
2-2: Ball
3-2: Foul Ball, location: 2F
3-2: Strikes out swinging
Bottom of the 5th over - 0 runs, 0 hits, 0 errors, 0 left on base; Oakland 2 - Miami Beach 0
TOP OF THE 6TH
Oakland Oaks batting - Pitching for Miami Beach Marlins : RHP Ryan Weedon
Pitching: LHP Doug Whitling
Batting: RHB Gabe Secundino 0-0: Ball
1-0: Foul Ball, location: 2F
1-1: Ball
2-1: Ball
3-1: Foul Ball, location: 2F
3-2: Foul Ball, location: 2F
3-2: Base on Balls
Batting: RHB Chris Prinzing 0-0: Called Strike
Gabe Secundino steals 2nd base
0-1: Ball
1-1: Ball
2-1: Ground out 5-3 (Groundball, 56, EV 84.4 MPH)
Batting: RHB Ryan Jennings 0-0: Ball
1-0: Foul Ball, location: 2F
1-1: Called Strike
1-2: Foul Ball, location: 2F
1-2: Ball
2-2: Strikes out swinging
Batting: LHB Bill Helmer 0-0: Swinging Strike
0-1: Foul Ball, location: 2F
0-2: SINGLE (Line Drive, 8LS, EV 100.0 MPH)
Gabe Secundino to third
Runner from 3rd tries for Home, SAFE, throw by CF to home
Batting: RHB Edwin Nunez 0-0: Ball
Bill Helmer steals 2nd base
1-0: Swinging Strike
1-1: Ball
2-1: Foul Ball, location: 2F
2-2: Foul Ball, location: 2F
2-2: Strikes out swinging
Top of the 6th over - 1 run, 1 hit, 0 errors, 1 left on base; Oakland 3 - Miami Beach 0
BOTTOM OF THE 6TH
Miami Beach Marlins batting - Pitching for Oakland Oaks : RHP Jaime Sanchez
Batting: RHB Hikaru Nakata 0-0: Called Strike
0-1: Ball
1-1: Ball
2-1: Ball
3-1: Base on Balls
Batting: RHB Scott Talbot 0-0: Ball
Hikaru Nakata steals 2nd base
1-0: Ball
2-0: Ball
3-0: Base on Balls
Batting: RHB Clark Meagher 0-0: Foul Ball, location: 2F
0-1: Foul Ball, location: 2F
0-2: Strikes out swinging
Batting: RHB Orlando Melendres 0-0: Swinging Strike
0-1: Foul Ball, location: 2F
0-2: Ball
1-2: Ground out 5-3 (Groundball, 56S, EV 67.5 MPH)
Hikaru Nakata to third
Scott Talbot to second
Batting: RHB Troy Bush 0-0: Ball
1-0: Foul Ball, location: 2F
1-1: Ball
2-1: Called Strike
2-2: Ball
3-2: Reached on error, E6 (Groundball, 6, EV 94.4 MPH)
Hikaru Nakata scores
Scott Talbot to third
Batting: RHB Kazumi Inouye 0-0: Called Strike
0-1: Swinging Strike
0-2: Strikes out swinging
Bottom of the 6th over - 1 run, 0 hits, 1 error, 2 left on base; Oakland 3 - Miami Beach 1
TOP OF THE 7TH
Oakland Oaks batting - Pitching for Miami Beach Marlins : LHP Doug Whitling
Batting: RHB Dave Villarreal 0-0: Called Strike
0-1: Called Strike
0-2: Foul Ball, location: 2F
0-2: Strikes out swinging
Batting: RHB Nathaniel Adderley 0-0: Fly out, F8 (Line Drive, 8LD, EV 105.6 MPH)
Batting: RHB Rafael Alarcon 0-0: Called Strike
0-1: Ground out 5-3 (Groundball, 56, EV 110.0 MPH)
Top of the 7th over - 0 runs, 0 hits, 0 errors, 0 left on base; Oakland 3 - Miami Beach 1
BOTTOM OF THE 7TH
Miami Beach Marlins batting - Pitching for Oakland Oaks : RHP Jaime Sanchez
Batting: RHB Jim Smallwood 0-0: Foul Ball, location: 2F
0-1: DOUBLE (Line Drive, 9LM, EV 113.1 MPH)
Pinch Hitting: SHB Emmet Brickowski 0-0: Ball
1-0: Swinging Strike
1-1: Swinging Strike
1-2: Foul Ball, location: 2F
1-2: Ball
2-2: Strikes out swinging
Pinch Hitting: LHB Freddy Monge 0-0: Fly out, F8 (Flyball, 8LXD, EV 84.4 MPH)
Runner from 2nd tags up, SAFE at 3rd, no throw by CF
Pitching: RHP Matt Schmidt
Batting: RHB Hikaru Nakata 0-0: Foul Ball, location: 2F
0-1: Ground out 4-3 (Groundball, 4, EV 105.6 MPH)
Bottom of the 7th over - 0 runs, 1 hit, 0 errors, 1 left on base; Oakland 3 - Miami Beach 1
TOP OF THE 8TH
Oakland Oaks batting - Pitching for Miami Beach Marlins : LHP Doug Whitling
Now at 3B: Emmet Brickowski
Now in LF: Cody Leonard
Batting: RHB Pete Goerge 0-0: Ball
1-0: Ball
2-0: Fly out, F7 (Flyball, 78M, EV 90.0 MPH)
Batting: RHB Gabe Secundino 0-0: Called Strike
0-1: Foul Ball, location: 2F
0-2: Hit by Pitch
Batting: RHB Chris Prinzing 0-0: Ball
1-0: Ball
2-0: Called Strike
2-1: Swinging Strike
2-2: Strikes out swinging
Batting: RHB Ryan Jennings 0-0: Swinging Strike
0-1: Ball
1-1: Ball
2-1: Ball
3-1: Called Strike
3-2: Base on Balls
Gabe Secundino to second
Pitching: RHP Carlos Guerrero
Batting: LHB Bill Helmer 0-0: Ball
1-0: Ball
2-0: Ball
3-0: Called Strike
3-1: Base on Balls
Gabe Secundino to third
Ryan Jennings to second
Batting: RHB Edwin Nunez 0-0: Ball
1-0: Ball
2-0: Swinging Strike
2-1: Foul Ball, location: 2F
2-2: Ball
3-2: Foul Ball, location: 2F
3-2: Strikes out swinging
Top of the 8th over - 0 runs, 0 hits, 0 errors, 3 left on base; Oakland 3 - Miami Beach 1
BOTTOM OF THE 8TH
Miami Beach Marlins batting - Pitching for Oakland Oaks : RHP Matt Schmidt
Batting: RHB Scott Talbot 0-0: Swinging Strike
0-1: Swinging Strike
0-2: Strikes out swinging
Batting: RHB Clark Meagher 0-0: Ball
1-0: Ground out 6-3 (Groundball, 6, EV 106.2 MPH)
Batting: RHB Orlando Melendres 0-0: Foul Ball, location: 2F
0-1: Ground out 6-3 (Groundball, 6, EV 90.0 MPH)
Bottom of the 8th over - 0 runs, 0 hits, 0 errors, 0 left on base; Oakland 3 - Miami Beach 1
TOP OF THE 9TH
Oakland Oaks batting - Pitching for Miami Beach Marlins : RHP Carlos Guerrero
Batting: LHB Brian Puccio 0-0: Ball
1-0: Swinging Strike
1-1: Called Strike
1-2: Ball
2-2: Ball
3-2: Fly out, F7 (Line Drive, 7LM, EV 97.5 MPH)
Batting: RHB Nathaniel Adderley 0-0: Called Strike
0-1: Called Strike
0-2: Fly out, F7 (Flyball, 78M, EV 94.4 MPH)
Batting: RHB Rafael Alarcon 0-0: Foul Ball, location: 2F
0-1: Swinging Strike
0-2: SINGLE (Flyball, 8LS, EV 87.5 MPH)
Batting: RHB Pete Goerge 0-0: SINGLE (Line Drive, 7S, EV 105.6 MPH)
Rafael Alarcon to second
Batting: RHB Gabe Secundino 0-0: Called Strike
0-1: Ball
1-1: Foul Ball, location: 2F
1-2: Ground out 4-3 (Groundball, 4, EV 87.5 MPH)
Top of the 9th over - 0 runs, 2 hits, 0 errors, 2 left on base; Oakland 3 - Miami Beach 1
BOTTOM OF THE 9TH
Miami Beach Marlins batting - Pitching for Oakland Oaks : RHP Matt Schmidt
Pitching: LHP Jason Hahn
Now at 1B: Diego Vega
Batting: RHB Troy Bush 0-0: Ball
1-0: Foul Ball, location: 2F
1-1: SINGLE (Flyball, 56D, EV 88.8 MPH)
Batting: RHB Kazumi Inouye 0-0: Foul Ball, location: 2F
0-1: Foul Ball, location: 2F
0-2: TRIPLE (Line Drive, 89XD, EV 105.6 MPH)
Troy Bush scores
Pinch Hitting: RHB Mario Cota 0-0: Foul Ball, location: 2F
0-1: Ball
1-1: Swinging Strike
1-2: Ball
2-2: Ball
3-2: Base on Balls
Batting: SHB Emmet Brickowski 0-0: Called Strike
0-1: DOUBLE (Flyball, 9LD, EV 99.4 MPH)
Kazumi Inouye scores
Mario Cota to third
Pinch Hitting: RHB Melvin Nava 0-0: Intentional Walk
Batting: RHB Hikaru Nakata 0-0: Ball
1-0: Foul Ball, location: 2F
1-1: Grounds into double play, 4-2-3 (Groundball, P, EV 80.0 MPH)
Emmet Brickowski to third
Melvin Nava to second
Batting: RHB Scott Talbot 0-0: Called Strike
0-1: Ball
1-1: Called Strike
1-2: Ball
2-2: Foul Ball, location: 2F
2-2: Ball
3-2: Ground out 5-3 (Groundball, 56, EV 103.1 MPH)
Bottom of the 9th over - 2 runs, 3 hits, 0 errors, 2 left on base; Oakland 3 - Miami Beach 3
TOP OF THE 10TH
Oakland Oaks batting - Pitching for Miami Beach Marlins : RHP Carlos Guerrero
Now in LF: Xin Zhang
Now in CF: Hikaru Nakata
Now in RF: Aaron Mamer
Batting: RHB Chris Prinzing 0-0: Ball
1-0: Ball
2-0: Foul Ball, location: 2F
2-1: DOUBLE (Line Drive, 3D, EV 95.6 MPH)
Batting: RHB Ryan Jennings 0-0: Intentional Walk
Batting: LHB Bill Helmer 0-0: Bunt missed!
0-1: Ball
1-1: Sac Bunt to 3S - play at first, batter OUT! 3-1
Chris Prinzing to third
Ryan Jennings to second
Batting: RHB Edwin Nunez 0-0: Called Strike
0-1: Swinging Strike
0-2: Ball
1-2: Ball
2-2: Reached on error, E6 (Groundball, 6, EV 78.1 MPH)
Chris Prinzing scores
Ryan Jennings to third
Pitching: RHP Bill Padgett
Batting: LHB Brian Puccio 0-0: Called Strike
0-1: Swinging Strike
0-2: Strikes out swinging
Batting: RHB Nathaniel Adderley 0-0: Called Strike
0-1: Ball
1-1: Ball
2-1: Swinging Strike
2-2: 3-RUN HOME RUN (Flyball, 78XD, EV 111.9 MPH), Distance : 441 ft
Batting: RHB Rafael Alarcon 0-0: Called Strike
0-1: Called Strike
0-2: Foul Ball, location: 2F
0-2: Fly out, F8 (Line Drive, 8LD, EV 93.8 MPH)
Top of the 10th over - 4 runs, 2 hits, 1 error, 0 left on base; Oakland 7 - Miami Beach 3
BOTTOM OF THE 10TH
Miami Beach Marlins batting - Pitching for Oakland Oaks : LHP Jason Hahn
Pitching: RHP Bill McAskill
Batting: RHB Clark Meagher 0-0: Ball
1-0: Swinging Strike
1-1: Called Strike
1-2: Ball
2-2: Ball
3-2: Base on Balls
Batting: RHB Orlando Melendres 0-0: Called Strike
0-1: Grounds into double play, 5-4-3 (Groundball, 56S, EV 91.9 MPH)
Batting: RHB Troy Bush 0-0: Ground out 6-3 (Groundball, 6MS, EV 91.2 MPH)
Bottom of the 10th over - 0 runs, 0 hits, 0 errors, 0 left on base; Oakland 7 - Miami Beach 3
Thursday, December 15th , 2022 - OOTP Baseball 23.9 Build 102